Map: Frostline LE

Players

llllllllllll - Winner!

  • Race: Zerg Zerg
  • League: Diamond
  • Spawn Location: 1:00

jhgshaikw

  • Race: Terran Terran
  • League: Diamond
  • Spawn Location: 7:00

VOD

Have the link to the VOD?

Description

Time

  • Played on: April 25, 2025, 9:49 a.m.
  • Length: 4:04
Show
View Real Time Build Order
Export as new Build Order

llllllllllll Zerg - Winner!

Build Orders: Hatch First 

Get SALT Encoding   

  12  0:00  Drone  
  13  0:12  Overlord  
  13  0:17  Drone  
  14  0:31  Drone x2  
  16  0:47  Hatchery  
  15  0:50  Drone  
  15  0:53  Drone  
  17  0:57  Drone  
  17  0:59  Extractor  
  17  1:14  Spawning Pool  
  17  1:17  Drone  
  17  1:19  Drone  
  18  1:30  Drone  
  19  1:44  Overlord  
  19  2:01  Metabolic Boost  
  19  2:02  Queen x2  
  19  2:05  Zergling x2  
  25  2:08  Zergling x2  
  25  2:12  Zergling x2  
  25  2:15  Zergling x2  
  27  2:17  Zergling x2  
  27  2:21  Zergling x2  
  29  2:29  Baneling Nest  
  28  2:31  Drone  
  28  2:34  Zergling x2  
  30  2:38  Zergling x2  
  30  2:44  Overlord  
  30  2:48  Zergling x2  
  31  2:52  Zergling x2  
  31  2:55  Zergling x2  
  32  3:05  Zergling x4  
  33  3:10  Zergling x6  
  36  3:14  Zergling x2  
  36  3:17  Zergling x2  
  38  3:21  Zergling x2  
  38  3:24  Zergling x2  
  39  3:31  Baneling  
  39  3:32  Baneling x4  
  39  3:36  Zergling x2  
  40  3:42  Drone x2  
Show
View Real Time Build Order
Export as new Build Order

jhgshaikw Terran 

Build Orders: Reaper Expand 

Get SALT Encoding   

  12  0:00  SCV  
  13  0:12  SCV  
  14  0:18  Supply Depot  
  14  0:24  SCV  
  15  0:39  SCV  
  15  0:41  Barracks  
  16  0:51  SCV  
  16  0:56  Refinery  
  17  1:05  SCV  
  19  1:18  SCV  
  20  1:38  Orbital Command  
  19  1:40  Command Center  
  19  1:48  Reaper  
  19  1:53  Refinery  
  20  1:56  Supply Depot  
  20  2:05  SCV  
  21  2:19  Factory  
  21  2:20  SCV  
  22  2:24  Marine  
  23  2:32  SCV  
  24  2:59  Marine  
  24  3:01  Orbital Command  
  23  3:17  SCV  
  23  3:19  Hellion  
  26  3:24  Marine  
  27  3:28  Orbital Command  
  28  3:34  SCV  
  28  3:37  Bunker  
  28  3:41  Marine, Factory Tech Lab  
  28  3:45  Factory  
  28  3:46  SCV  
  28  3:47  Command Center  
Tags
 
Add a new tag
Caveats
  • Supply blocks, unpowered buildings, or Contaminate may cause inaccurate times.
  • Supply counts are checked every 10 seconds.